 Dungeon Crawl Stone Soup version 0.27-a0-29-g2d0a2396b0 (webtiles) character file.

Game seed: 2794272594433661893

2095 MisterFreud the Grappler (level 9, -12/87 HPs)
             Began as a Troll Delver on Jan 3, 2021.
             Was an Initiate of Ru.
             Mangled by a red ugly thing (18 damage)
             ... on level 7 of the Dungeon.
             The game lasted 00:09:47 (4835 turns).

MisterFreud the Grappler (Troll Delver)             Turns: 4835, Time: 00:09:48

Health: -12/87     AC:  6    Str: 25    XL:     9   Next: 7%
Magic:  7/7        EV: 12    Int:  6    God:    Ru [......]
Gold:   497        SH:  0    Dex: 11    Spells: 8/8 levels left

rFire    . . .     SeeInvis .     - Unarmed
rCold    . . .     Faith    +   (no shield)
rNeg     + . .     Spirit   .   a - +0 robe
rPois    .         Reflect  .   (helmet restricted)
rElec    .         Harm     .   (no cloak)
rCorr    +         Rampage  .   (gloves unavailable)
Will     .....                  (boots unavailable)
Stlth    ++........             y - amulet of faith
HPRegen  0.64/turn              E - ring of resist corrosion
MPRegen  0.10/turn              G - ring of positive energy

@: no status effects
A: large, unfitting armour, claws 3, low mp 1, regeneration 1, shaggy fur 1,
tough skin 3
a: Renounce Religion


You were on level 7 of the Dungeon.
You worshipped Ru.
Ru was noncommittal.
You visited 2 branches of the dungeon, and saw 8 of its levels.
You also visited: Ossuary.

You collected 497 gold pieces.

Inventory:

Missiles
 v - 2 boomerangs (quivered)
Armour
 a - a +0 robe (worn)
Jewellery
 g - an uncursed ring of flight
 y - an amulet of faith (around neck)
 A - an uncursed amulet of magic regeneration
 E - a ring of resist corrosion (left claw)
 G - a ring of positive energy (right claw)
Wands
 f - a wand of digging (3)
 H - a wand of paralysis (10)
Scrolls
 b - 2 scrolls of fog
 c - a scroll of magic mapping
 d - 2 scrolls of fear
 h - 3 scrolls of blinking {unknown}
 m - 2 scrolls of holy word {unknown}
 o - 7 scrolls of remove curse {unknown}
 p - 10 scrolls of identify {unknown}
 r - a scroll of vulnerability {unknown}
 s - 5 scrolls of amnesia {unknown}
 t - 5 scrolls of teleportation {unknown}
 z - 2 scrolls of enchant armour {unknown}
 D - 2 scrolls of enchant weapon {unknown}
 F - a scroll of random uselessness {unknown}
Potions
 e - 2 potions of haste
 i - 6 potions of curing {unknown}
 j - 4 potions of berserk rage {unknown}
 k - 3 potions of mutation {unknown}
 l - 7 potions of brilliance {unknown}
 n - a potion of resistance {unknown}
 q - 3 potions of flight {unknown}
 u - 2 potions of might {unknown}
 w - 2 potions of degeneration {unknown}
 x - 3 potions of heal wounds {unknown}
 B - a potion of ambrosia {unknown}
 C - a potion of attraction {unknown}


   Skills:
 + Level 4.9 Fighting
 - Level 6.0 Dodging
 - Level 3.3 Stealth
 - Level 8.0 Unarmed Combat


You had 8 spell levels left.
You didn't know any spells.
Your spell library was empty.

Dungeon Overview and Level Annotations

Branches:
Dungeon (7/15)             Temple (1/1) D:4         Ossuary (visited)

Altars:
Ashenzari
Cheibriados
Elyvilon
Fedhas
Gozag
Hepliaklqana
Kikubaaqudgha
Nemelex Xobeh
Okawaru
Qazlal
Ru
Sif Muna
Trog
Uskayaw
Vehumet
Wu Jian
Xom
Yredelemnul
Zin
The Shining One

Shops:
D:5 =


Innate Abilities, Weirdness & Mutations

You are too large for most types of armour.
You have claws for hands.
Your magical capacity is low. (-10% MP)
Your natural rate of healing is unusually fast.
You are covered in fur. (AC +1)
You have extremely tough skin. (AC +3)


Message History

You mangle the red ugly thing!!
The red ugly thing is moderately wounded.
You barely miss the red ugly thing.
The red ugly thing is moderately wounded.
The red ugly thing gores you!
You are engulfed in flames!!
You claw the red ugly thing!
The red ugly thing is heavily wounded.
The red ugly thing gores you!
* * * LOW HITPOINT WARNING * * *
You are engulfed in flames!
* * * LOW HITPOINT WARNING * * *
You mangle the red ugly thing!!
The red ugly thing is severely wounded.
The red ugly thing barely misses you.
You scratch the red ugly thing.
The red ugly thing is almost dead.
The red ugly thing gores you.
* * * LOW HITPOINT WARNING * * *
You are engulfed in flames!!
You die...

.. ... .##
.... ..# #....
#<# ##... #.#
...
#.###.####.#
#......##..#
#..@u..#
######..###..#
#......##
#...# #.####.#
##.### ##.#
.... #.(# ..#
#.## #.# #.#
######.# #.#
###......+


You could see a red ugly thing.

Vanquished Creatures
  Sigmund (D:6)
  A water moccasin (D:6)
  An orc warrior (D:6)
  An ogre (D:4)
  A phantom (D:5)
  A centaur (D:5)
  A big kobold (D:5)
  A gnoll sergeant (D:5)
  8 scorpions
  2 human zombies (Ossuary)
  A hound (D:5)
  4 orc wizards
  An orc priest (D:3)
  2 bullfrog skeletons (D:5)
  A centaur skeleton (D:4)
  3 iguanas
  Natasha (D:2)
  7 worker ants
  3 big kobold zombies (Ossuary)
  A hound skeleton (D:5)
  3 mummies (Ossuary)
  A howler monkey zombie (D:6)
  5 gnolls (D:5)
  A howler monkey skeleton (D:4)
  9 adders
  3 scorpion zombies (Ossuary)
  An ufetubus (D:6)
  2 oozes
  An adder skeleton (D:4)
  3 worms
  3 dart slugs
  6 leopard geckos
  9 orcs
  3 bats
  4 giant cockroaches
  2 gnoll zombies (Ossuary)
  3 goblins
  4 hobgoblins
  3 jackals (D:4)
  9 kobolds
  2 quokkas
  A ball python (D:1)
  2 frilled lizards
  2 goblin zombies (Ossuary)
  3 hobgoblin zombies (Ossuary)
  2 orc zombies (Ossuary)
  6 rats
135 creatures vanquished.

Vanquished Creatures (others)
  A hobgoblin zombie (Ossuary)
  A kobold zombie (Ossuary)
  A rat (D:3)
3 creatures vanquished.

Grand Total: 138 creatures vanquished

Notes
Turn   | Place    | Note
-------+----------+-------------------------------------------
     0 | D:5      | MisterFreud the Troll Delver began the quest for the Orb.
     0 | D:5      | Reached XP level 1. HP: 22/22 MP: 0/0
    16 | D:5      | Found a sand-covered staircase.
    24 | Ossuary  | Entered an ossuary
    31 | Ossuary  | Noticed a scorpion
    51 | Ossuary  | Killed a scorpion
    52 | Ossuary  | Reached XP level 2. HP: 8/29 MP: 1/1
    52 | Ossuary  | Reached XP level 3. HP: 11/36 MP: 2/2
    56 | Ossuary  | Reached XP level 4. HP: 10/44 MP: 3/3
    62 | Ossuary  | Reached skill level 3 in Unarmed Combat
   284 | Ossuary  | Reached skill level 4 in Unarmed Combat
   284 | Ossuary  | Reached XP level 5. HP: 39/50 MP: 4/4
   398 | Ossuary  | Reached skill level 5 in Unarmed Combat
   413 | Ossuary  | Reached XP level 6. HP: 59/59 MP: 5/5
   530 | Ossuary  | Reached skill level 6 in Unarmed Combat
   706 | Ossuary  | Reached XP level 7. HP: 49/66 MP: 6/6
   838 | D:5      | Reached skill level 7 in Unarmed Combat
  1317 | D:2      | Reached skill level 8 in Unarmed Combat
  1367 | D:2      | Noticed Natasha
  1372 | D:2      | Killed Natasha
  2372 | D:3      | Found a radiant altar of Vehumet.
  2573 | D:3      | Found a glowing silver altar of Zin.
  2857 | D:4      | Found a staircase to the Ecumenical Temple.
  2886 | Temple   | Entered the Ecumenical Temple
  3061 | Temple   | Became a worshipper of Ru the Awakened
  3182 | D:4      | Reached XP level 8. HP: 74/74 MP: 7/7
  3474 | D:5      | Found Lyen Hoph's Jewellery Shop.
  3665 | D:5      | Reached skill level 5 in Dodging
  3986 | D:5      | Found an opulent altar of Gozag.
  3986 | D:5      | Found an iron altar of Okawaru.
  3996 | D:6      | Noticed Sigmund
  4003 | D:6      | Killed Sigmund
  4117 | D:6      | Gained mutation: Your magical capacity is low. (-10% MP)
                  | [Ru sacrifice]
  4499 | D:6      | Reached XP level 9. HP: 85/85 MP: 7/7
  4821 | D:7      | Noticed a red ugly thing
  4835 | D:7      | Mangled by a red ugly thing

Illustrated notes

Levels and vault maps discovered:
D:1:      dpeg_arrival_lava_temple_mockup, layout_basic
D:2:      layout_loops_ring, minmay_misc_feat_x, uniq_natasha
D:3:      layout_loops_ring, zin_statuary, fiery_altar_vehumet
D:4:      layout_cave_pools, temple_statues
D:5:      layout_rooms, gammafunk_temple_overflow_wave, serial_shops,
          shop_coins, enter_ossuary_5
D:6:      layout_basic, uniq_sigmund
D:7:      layout_rooms, lemuel_doored_altar, chei_slow_surprise
Temple:   eino_temple_rhombus

Skill      XL: |  1  2  3  4  5  6  7  8 |
---------------+-------------------------+-----
Stealth        | 3 |  3.3
Unarmed Combat | 4 5 6 8 |  8.0
Dodging        | 3 6 |  6.0
Fighting       | 4 |  4.9

Action                   |  1- 3 |  4- 6 |  7- 9 || total
-------------------------+-------+-------+-------++-------
Melee: Unarmed           |    15 |   103 |   291 ||   409
       Punch             |       |     4 |    14 ||    18
Throw: Boomerang         |       |       |     1 ||     1
Invok: Sacrifice Essence |       |       |     1 ||     1
  Use: Potion            |     1 |       |       ||     1
 Stab: Sleeping          |       |       |    14 ||    14
Armor: Skin              |    18 |     2 |       ||    20
       Robe              |       |    19 |    70 ||    89
Dodge: Dodged            |     5 |    26 |   131 ||   162

Table legend: (Time is in decaauts)
 A = Elapsed time spent in this place.
 B = Non-inter-level travel time spent in this place.
 C = Inter-level travel time spent in this place.
 D = Time resting spent in this place.
 E = Time spent auto-exploring this place.
 F = Levels seen in this place.
 G = Mean time per level.
                   A        B        C        D        E       F      G
               +--------+--------+--------+--------+--------+-----+--------+
         Total |   4782 |   4605 |    177 |    314 |   3125 |   9 |  531.3 |
       Dungeon |   3797 |   3665 |    132 |      0 |   2905 |   7 |  542.4 |
        Temple |    201 |    156 |     45 |      0 |    144 |   1 |  201.0 |
       Ossuary |    783 |    783 |      0 |    314 |     76 |   1 |  783.0 |
               +--------+--------+--------+--------+--------+-----+--------+

Top non-repeatable levels by time:
 Ossuary: 783 daAuts
     D:6: 770 daAuts
     D:3: 734 daAuts
     D:5: 612 daAuts
     D:1: 587 daAuts
     D:2: 587 daAuts
     D:4: 448 daAuts
  Temple: 201 daAuts
     D:7: 56 daAuts
